 Dungeon Crawl Stone Soup version 0.29-a0-96-g93358da72b (webtiles) character file.

Game seed: 8605827087917305146

487 dracfodder the Skirmisher (level 7, -4/76 HPs)
             Began as an Ogre Berserker on Feb 11, 2022.
             Was a Priest of Trog.
             Slain by an orc (5 damage)
             ... on level 4 of the Dungeon.
             The game lasted 00:08:40 (3100 turns).

dracfodder the Skirmisher (Ogre Berserker)          Turns: 3100, Time: 00:08:40

Health: -4/76      AC:  3    Str: 24    XL:     7   Next: 13%
Magic:  7/7        EV: 10    Int:  8    God:    Trog [***...]
Gold:   189        SH:  0    Dex:  8    Spells: 6/6 levels left

rFire   . . .      SeeInvis +   d - +6 rapier "Cuzuvir" {vorpal, rElec Will+ rCorr SInv}
rCold   . . .      Faith    .   (no shield)
rNeg    . . .      Spirit   .   b - +0 animal skin
rPois   .          Reflect  .   (helmet restricted)
rElec   +          Harm     .   (no cloak)
rCorr   +          Rampage  .   (gloves unavailable)
Will    +++..                   (boots unavailable)
Stlth   +.........              (no amulet)
HPRegen 1.22/turn               (no ring)
MPRegen 0.10/turn               (no ring)

@: lethally poisoned (-4 -> -7), strong-willed, flying, regenerating, slowed,
very slow
A: large, unfitting armour, tough skin 1
a: Renounce Religion, Berserk, Trog's Hand


You were on level 4 of the Dungeon.
You worshipped Trog.
Trog was most pleased with you.
You visited 1 branch of the dungeon, and saw 4 of its levels.

You collected 189 gold pieces.

Inventory:

Hand Weapons
 a - a +0 spear
 d - the +6 rapier "Cuzuvir" (weapon) {vorpal, rElec Will+ rCorr SInv}
   (You found it on level 2 of the Dungeon)

   It inflicts extra damage upon your enemies.
   rElec:     It insulates you from electricity.
   SInv:      It lets you see invisible.
   rCorr:     It protects you from acid and corrosion.
   Will:      It increases your willpower.
Missiles
 g - 120 stones (quivered)
 i - 4 poisoned darts
 n - 4 curare-tipped darts
Armour
 b - a +0 animal skin (worn)
Wands
 o - a wand of flame (4)
Scrolls
 c - a scroll of blinking {unknown}
 e - 5 scrolls of identify {unknown}
 f - a scroll of enchant armour {unknown}
 h - a scroll of immolation {unknown}
 k - 2 scrolls of vulnerability {unknown}
 m - a scroll of teleportation {unknown}
Potions
 j - 2 potions of flight
 l - a potion of degeneration {unknown}
 p - a potion of mutation {unknown}


   Skills:
 * Level 6.8 Fighting
 + Level 4.0 Short Blades
 + Level 3.4 Polearms
 + Level 0.1 Throwing
 + Level 3.7 Dodging
 + Level 0.7 Stealth


You had 6 spell levels left.
You didn't know any spells.
Your spell library was empty.

Dungeon Overview and Level Annotations

Branches:
Dungeon (4/15)
 Temple: D:4-7

Altars:
Zin

Shops:
D:3 *


Innate Abilities, Weirdness & Mutations

You are too large for most types of armour.
You have tough skin. (AC +1)


Message History

The orc throws a curare-tipped dart.
The curare-tipped dart hits you.
You are more poisoned.
You have difficulty breathing.
You feel as though you will be slow longer.
The adder skeleton misses you.
The orc wizard hits you with a +1 dagger of protection.
The orc priest looks braver for a moment.
The orc hits you with a +0 falchion. The adder skeleton closely misses you.
You closely miss the orc wizard.
The orc wizard is heavily wounded.
You feel extremely sick. The goblin hits you with a +0 dagger.
The wyvern zombie bites you. The orc wizard closely misses you.
The adder skeleton bites you. The orc hits you but does no damage.
The wyvern zombie closely misses you. The goblin hits you with a +0 dagger.
The orc wizard closely misses you.
You barely miss the orc wizard.
The orc wizard is heavily wounded.
You feel extremely sick. The adder skeleton bites you.
* * * LOW HITPOINT WARNING * * *
The wyvern zombie barely misses you. The orc hits you with a +0 falchion.
* * * LOW HITPOINT WARNING * * *
The goblin hits you with a +0 dagger.
* * * LOW HITPOINT WARNING * * *
The orc wizard hits you with a +1 dagger of protection.
* * * LOW HITPOINT WARNING * * *
The adder skeleton bites you.
* * * LOW HITPOINT WARNING * * *
The orc priest begins to cast a cantrip, but forgets the words!
The orc hits you with a +0 falchion.
* * * LOW HITPOINT WARNING * * *
It was a potion of flight.
You feel very buoyant.
You fly up into the air.
* * * LOW HITPOINT WARNING * * *
You feel very sick.
The orc wizard gestures wildly while chanting.
The orc wizard flickers and vanishes for a moment.
The orc misses you. The orc hits you with a +0 club.
You die...

.##.. ..#..
...... #....
#####
#....#####...##
.#......##⌠.<.⌠##
......gg#.†.....#
.....Zo@'...⌠.<.#
#...S.oo#.......#
......Zo##⌠.>.⌠##
...#...o.##...##
.. ##..>. ##### .
...... .......
......#..


You could see an orc priest, an orc wizard (invisible), 3 orcs, a wyvern zombie,
a hobgoblin, a goblin, a ball python and an adder skeleton.

Vanquished Creatures
  An ogre (D:4)
  A bullfrog (D:4)
  A hound (D:4)
  A centaur skeleton (D:2)
  An orc priest (D:3)
  Terence (D:3)
  Natasha (thrice) (D:3)
  5 adders
  2 worms (D:2)
  4 dart slugs
  8 orcs (D:3)
  4 endoplasms
  2 giant cockroaches
  9 goblins
  9 hobgoblins
  6 jackals
  2 quokkas
  3 ball pythons
  7 bats
  3 frilled lizards
  6 kobolds
  6 rats
85 creatures vanquished.

Notes
Turn   | Place    | Note
-------+----------+-------------------------------------------
     0 | D:1      | dracfodder the Ogre Berserker began the quest for the Orb.
     0 | D:1      | Reached XP level 1. HP: 24/24 MP: 1/1
    83 | D:2      | Reached XP level 2. HP: 32/32 MP: 2/2
   118 | D:2      | Identified the +6 rapier "Cuzuvir" {vorpal, rElec Will+
                  | rCorr SInv}
   764 | D:1      | Reached ** piety under Trog
  1004 | D:1      | Found a faded altar of an unknown god.
  1154 | D:2      | Reached XP level 3. HP: 40/40 MP: 3/3
  1250 | D:2      | Reached skill level 5 in Fighting
  1250 | D:2      | Reached XP level 4. HP: 49/50 MP: 4/4
  1472 | D:2      | Reached skill level 1 in Short Blades
  1727 | D:2      | You fall into a shaft and drop 2 floors!
  1758 | D:4      | Noticed a bullfrog
  1771 | D:4      | Killed a bullfrog
  1772 | D:4      | Reached XP level 5. HP: 40/57 MP: 5/5
  2003 | D:4      | Noticed an ogre
  2008 | D:4      | Killed an ogre
  2009 | D:4      | Reached XP level 6. HP: 67/67 MP: 6/6
  2015 | D:3      | Noticed Terence
  2024 | D:3      | Killed Terence
  2050 | D:3      | Reached skill level 6 in Fighting
  2123 | D:3      | Noticed Natasha
  2253 | D:3      | Killed Natasha
  2418 | D:3      | Noticed Natasha
  2422 | D:3      | Killed Natasha
  2456 | D:3      | Reached XP level 7. HP: 66/76 MP: 7/7
  2466 | D:3      | Reached *** piety under Trog
  2476 | D:3      | Noticed Natasha
  2484 | D:3      | Killed Natasha
  2620 | D:3      | Found Zin's Purification Station.
  2624 | D:3      | Found a glowing silver altar of Zin.
  3099 | D:4      | HP: 3/76 [orc (5)]
  3100 | D:4      | HP: 1/76 [poisoned by an orc (curare-tipped dart)]
  3100 | D:4      | Slain by an orc

Illustrated notes

Levels and vault maps discovered:
D:1:      saegor_arrival_simple_d, layout_basic, shapermc_ecumenical_altar_petra
D:2:      layout_basic, minmay_misc_feat_alley, glass_columns_c,
          minmay_tetromino_o4
D:3:      layout_rooms, zin_purify, guppyfry_early_orc_mine, uniq_natasha,
          uniq_terence
D:4:      layout_cave_pools, mainiacjoe_overflow_alcove_2, grunt_ministairs_7,
          grunt_decor_one_mirror, corexii_leaking_fountain, uniq_grinder

Skill      XL: |  1  2  3  4  5  6  7 |
---------------+----------------------+-----
Dodging        | 3 |  3.7
Fighting       | 5 6 |  6.8
Short Blades   | 2 3 4 |  4.0
Polearms       | |  3.4
Throwing       | |  0.1
Stealth        | |  0.7

Action                   |  1- 3 |  4- 6 |  7- 9 || total
-------------------------+-------+-------+-------++-------
Melee: Spear             |    18 |       |       ||    18
       Rapier            |    30 |   105 |    30 ||   165
       Punch             |       |     1 |       ||     1
Throw: Stone             |       |    12 |       ||    12
       Dart              |       |     2 |       ||     2
Invok: Berserk           |       |     3 |     1 ||     4
       Trog's Hand       |       |     1 |     2 ||     3
  Use: Potion            |       |       |     1 ||     1
 Stab: Sleeping          |       |     1 |     2 ||     3
Armor: Animal skin       |    11 |    24 |    10 ||    45
Dodge: Dodged            |    24 |    57 |    30 ||   111

Table legend: (Time is in decaauts)
 A = Elapsed time spent in this place.
 B = Non-inter-level travel time spent in this place.
 C = Inter-level travel time spent in this place.
 D = Time resting spent in this place.
 E = Time spent auto-exploring this place.
 F = Levels seen in this place.
 G = Mean time per level.
                   A        B        C        D        E       F      G
               +--------+--------+--------+--------+--------+-----+--------+
         Total |   3159 |   3096 |     63 |    159 |   2339 |   4 |  789.8 |
       Dungeon |   3159 |   3096 |     63 |    159 |   2339 |   4 |  789.8 |
               +--------+--------+--------+--------+--------+-----+--------+

Top non-repeatable levels by time:
     D:1: 1098 daAuts
     D:3: 914 daAuts
     D:2: 835 daAuts
     D:4: 309 daAuts
